AoeStats
← LM | TornardoBriese

Arabia

509561706Analyzed
1v1 RM · 4d ago on Sep 27, 2026· 39m 47s· 2 players
Game mode
Random Map
Map size
Tiny (2 player)
Population
200
Speed
Normal
Resources
Standard
Victory
Conquest
Starting age
Dark Age
Ending age
Imperial Age
RankedLock teamsTeams togetherTeam positionsShared explorationLock speedFull tech treeHidden civsTurbo modeCheats
Victory
Defeat
🇨🇭 Varangians · Switzerland
1147
+16
🇭🇰 Byzantines · Hong Kong SAR China
1146
-16
YKK
6:02 Loom
9:22 Feudal Age
9:56 Double-Bit Axe
18:03 Wheelbarrow
21:16 Castle Age
21:27 Scale Mail Armor
21:37 Forging
22:03 Squires
21:49 Gambesons
24:17 Chain Mail Armor
28:51 Hand Cart
29:25 Crossbowman
30:04 Gold Mining
30:02 Crossbowman
30:48 Thumb Ring
31:08 Fletching
31:22 Padded Archer Armor
33:36 Bodkin Arrow
38:44 Imperial Age
36:38 Bow Saw
36:12 Horse Collar
36:52 Heavy Plow
37:14 Pikeman
39:16 Ballistics
LM | TornardoBriese
6:37 Loom
9:16 Feudal Age
9:23 Man-at-Arms
11:47 Double-Bit Axe
15:16 Bloodlines
22:48 Castle Age
21:28 Scale Barding Armor
21:40 Horse Collar
22:53 Gold Mining
24:17 Heavy Plow
25:02 Wheelbarrow
24:44 Bow Saw
26:18 Chain Barding Armor
33:32 Vendel Legacy
37:34 Imperial Age
35:59 Forging
37:37 Iron Casting
37:09 Husbandry
37:50 Hand Cart
37:40 Cavalier
39:04 Conscription
39:47 Plate Barding Armor
40:22 Blast Furnace
Connection lost

Rejoining the realm…

Still unreachable

The connection could not be restored.

Session expired

The server has moved on; the page needs a fresh start.